Cogmind - Beta 16 @@@ ROGUE MODE // 2025.11.02 @ 16:13:02 Player: Not_Jesus8 Result: Self-destructed Performance ------------- Evolutions (1) 500 Regions Visited (2) 400 Robots Destroyed (1) 5 Value Destroyed (45) 45 Prototype IDs (0) 0 Alien Tech Used (0) 0 Bonus (200) 200 TOTAL SCORE: 1150 Bonus ------- Pacifist 200 Cogmind --------- Core Integrity 400/400 Matter 154/300 Energy 37/100 System Corruption 0% Temperature Warm (162) Movement Walking (130) Location -9/Materials Parts ------- > --- POWER (1) -------- (None) > --- PROPULSION (2) --- Titanium Leg Titanium Leg > --- UTILITY (4) ------ Advanced Visual Processing Unit > --- WEAPON (2) ------- Field Laser Field Laser > --- INVENTORY (5) ---- Field Laser Field Laser Peak State ------------ > --- POWER ------------ (None) > --- PROPULSION ------- Titanium Leg Titanium Leg > --- UTILITY ---------- Advanced Visual Processing Unit > --- WEAPON ----------- Field Laser Field Laser > --- INVENTORY -------- Field Laser Field Laser [Rating: 15] Favorites ----------- Power None Propulsion Titanium Leg Leg Titanium Leg Wheel Compact Wheel Utility Advanced Visual Processing Unit Processor Advanced Visual Processing Unit Weapon Field Laser Energy Gun Field Laser Build | -11 -10 -9 ------- Run | Yrd Mat Mat Slots Evolved 2 | . . 2 Power . | . . . Propulsion . | . . . Utility 2 | . . 2 Weapon . | . . . Parts Attached 7 | 2 . 5 Power . | . . . Engine . | . . . Core . | . . . Reactor . | . . . Propulsion 4 | 2 . 2 Treads . | . . . Leg 2 | . . 2 Wheel 2 | 2 . . Hover . | . . . Flight . | . . . Utility 1 | . . 1 Device . | . . . Storage . | . . . Processor 1 | . . 1 Hackware . | . . . Protection . | . . . Artifact . | . . . Weapon 2 | . . 2 Energy Gun 2 | . . 2 Energy Cannon . | . . . Ballistic Gun . | . . . Ballistic Cannon . | . . . Launcher . | . . . Special Weapon . | . . . Impact Weapon . | . . . Slashing Weapon . | . . . Piercing Weapon . | . . . Special Melee Weapon . | . . . Unidentified Prototypes . | . . . Parts Lost 2 | . 2 . Power . | . . . Propulsion 2 | . 2 . Utility . | . . . Weapon . | . . . Highest Loss Streak 2 | . 2 . To Critical Strikes 1 | . 1 . Average Backups . | . . 1 Power . | . . . Propulsion . | . . . Utility . | . . . Weapon . | . . 1 Tool/Special . | . . . Unused Backups 2 | . . 2 Power . | . . . Propulsion . | . . . Utility . | . . . Weapon 2 | . . 2 Tool/Special . | . . . Average Slot Usage (%) 36 | . 26 43 Leg 11 | . . 18 Wheel 10 | . 26 . Processor 4 | . . 7 Energy Gun 10 | . . 17 Peak Build Rating 15 | 2 2 15 Average Rating 7 | 1 1 13 On Entrance . | . 2 . Avg Prop Armor Cover (%) . | . . . Naked Turns 7 | . 4 3 Heaviest Build 6 | . . 6 Greatest Support 34 | 32 32 34 Greatest Overweight (x) . | . . . Average Overweight (x) . | . . . Largest Inventory Capacity 5 | 5 5 5 Average Capacity 5 | 5 5 5 Most Carried 2 | . . 2 Average Carried . | . . 1 Final Capacity 5 | 5 5 5 Final Carried 2 | . . 2 Class Distribution -------------------- 100% | Mutant Dominant Class ---------------- Mutant | -10/Materials Mutant | -9/Materials Resources | -11 -10 -9 ----------- Run | Yrd Mat Mat Matter Collected 70 | 70 . . Remotely . | . . . Salvage Created 59 | . . 59 Parts 4 | . . 4 Haulers Intercepted . | . . . Recyclers Shooed . | . . . Parts Field Recycled . | . . . Retrieved Matter . | . . . Parts Self-Destructed . | . . . Prevented . | . . . Parts Restored . | . . . Kills | -11 -10 -9 ------- Run | Yrd Mat Mat Combat Hostiles Destroyed 1 | . . 1 Guns 1 | . . 1 Classes Destroyed 1 | . . 1 Sentry 1 | . . 1 Best Kill Streak 1 | . . 1 Combat Bots Only 1 | . . 1 Max Kills in Single Turn 1 | . . 1 Gunslinging . | . . . Exploded . | . . . Melee . | . . . Uniques/NPCs Destroyed . | . . . Combat | -11 -10 -9 -------- Run | Yrd Mat Mat Hostile Shots Fired 39 | . 33 6 Missed 13 | . 10 3 Hits 26 | . 23 3 Projectile 26 | . 23 3 Critical Strikes 3 | . 2 1 Damage Taken 242 | . 200 42 Core 137 | . 137 . Absorbed by Shields . | . . . Core Remaining (%) 72 | 100 45 . Volleys Fired 3 | . . 3 Largest 2 | . . 2 Hottest 126 | . . 126 Shots Fired 6 | . . 6 Gun 6 | . . 6 Cannon . | . . . Launcher . | . . . Special . | . . . Kinetic . | . . . Thermal 6 | . . 6 Explosive . | . . . Electromagnetic . | . . . Robot Hit Streak 4 | . . 4 Robot Miss Streak 1 | . . 1 Penetration Max . | . . . Secondary Targets . | . . . Shots Hit Robots 4 | . . 4 Core Hits 4 | . 2 2 Critical Kills . | . . . Critical Parts Destroyed . | . . . Critical Strikes . | . . . Melee Attacks . | . . . Impact . | . . . Slashing . | . . . Piercing . | . . . Sneak Attacks . | . . . Combat Hostiles . | . . . Follow-up Attacks . | . . . Damage Inflicted 96 | . 27 69 Guns 69 | . . 69 Cannons . | . . . Explosions . | . . . Melee . | . . . Ramming 27 | . 27 . Kinetic . | . . . Thermal 69 | . . 69 Explosive . | . . . Electromagnetic . | . . . Impact . | . . . Slashing . | . . . Piercing . | . . . Highest Corruption . | . . . Average Corruption . | . . . Corruption Purged . | . . . Corruption Blocked . | . . . Overload Shots . | . . . Overflow Damage . | . . . Projectiles . | . . . Explosions . | . . . Melee . | . . . Knockbacks . | . . . Impact . | . . . Kinetic . | . . . Secondary . | . . . Self-Inflicted Damage 11 | . 11 . Shots . | . . . Rammed 12 | . 12 . Targets Rammed 12 | . 12 . Kicked . | . . . Crushed . | . . . Highest Temperature 162 | . . 162 Average Temperature 88 | . . 88 Received Heat Transfer 54 | . 18 36 Siege Activations . | . . . Martial Activations . | . . . Shielding Activations . | . . . Robots Disrupted . | . . . Combat Hostiles . | . . . Robots Corrupted . | . . . Combat Hostiles . | . . . Parts Fried . | . . . Impact Corruptions . | . . . Robots Melted . | . . . Combat Hostiles . | . . . Parts Melted . | . . . Heat Transferred 148 | . . 148 Parts Sabotaged . | . . . Parts Stolen . | . . . Parts Stripped . | . . . Power Chain Reactions . | . . . Alert | -11 -10 -9 ------- Run | Yrd Mat Mat Maximum Alert Level . | . . . Low Security (%) 100 | 100 100 100 Level 1 . | . . . Level 2 . | . . . Level 3 . | . . . Level 4 . | . . . Level 5 . | . . . High Security . | . . . Max Security . | . . . Peak Influence 30 | . 15 30 Initial . | . . . Average . | . 1 . Influence Increases 45 | . 15 30 Destroy 0b10 Robot/C 20 | . . 20 Destroy Leader 10 | . . 10 Lose Combat Pursuer 15 | . 15 . Influence Decreases 15 | . 15 . Time Decay 10 | . 10 . Lost Part 5 | . 5 . Squads Dispatched 2 | . 2 . Investigation . | . . . Extermination . | . . . Reinforcement 2 | . 2 . Assault . | . . . Garrison . | . . . Intercept . | . . . Searches Triggered . | . . . Construction Impeded . | . . . Haulers Reinforced . | . . . Active Scanning Responses . | . . . Cargo Convoy Interrupts . | . . . Stealth | -11 -10 -9 --------- Run | Yrd Mat Mat Distress Signals 1 | . 1 . Communications Jammed . | . . . Distress Signals . | . . . Times Spotted 11 | . 8 3 Peak Tracking Total 8 | . 8 4 Tactical Retreats 1 | . 1 . Traps | -11 -10 -9 ------- Run | Yrd Mat Mat Traps Triggered . | . . . Indirectly . | . . . Trap Hack Attempts . | . . . Triggered . | . . . Disarmed . | . . . Reprogrammed . | . . . Reused . | . . . Traps Extracted . | . . . Installed . | . . . Triggered . | . . . Machines | -11 -10 -9 ---------- Run | Yrd Mat Mat Machines Disabled . | . . . Max in Single Turn . | . . . Machines Repaired . | . . . Machines Dismantled . | . . . Machines Sabotaged . | . . . Overloaded Fab Kills . | . . . Hacking | -11 -10 -9 --------- Run | Yrd Mat Mat Machines Accessed . | . . . Terminals . | . . . Fabricators . | . . . Repair Stations . | . . . Recycling Units . | . . . Scanalyzers . | . . . Garrison Access . | . . . Total Hacks . | . . . Successful . | . . . Failed . | . . . Catastrophic . | . . . Database Lockouts . | . . . Manual . | . . . Terminals . | . . . Fabricators . | . . . Repair Stations . | . . . Recycling Units . | . . . Scanalyzers . | . . . Garrison Access . | . . . Terminal Hacks . | . . . Fabricator Hacks . | . . . Repair Station Hacks . | . . . Recycling Unit Hacks . | . . . Scanalyzer . | . . . Garrison Access Hacks . | . . . Unauthorized Hacks . | . . . Terminals . | . . . Fabricators . | . . . Repair Stations . | . . . Recycling Units . | . . . Scanalyzers . | . . . Garrison Access . | . . . Data Cores Recovered . | . . . Used . | . . . Hacking Detections . | . . . Full Trace Events . | . . . Feedback Events . | . . . Feedback Blocked . | . . . Robot Schematics Acquired . | . . . Robots Built . | . . . Authchips . | . . . Time . | . . . Total Robot Build Rating . | . . . Part Schematics Acquired . | . . . Parts Built . | . . . Authchips . | . . . Time . | . . . Total Part Build Rating . | . . . Part Studies Acquired . | . . . Parts Repaired . | . . . Time . | . . . Parts Recycled . | . . . Recycled Matter . | . . . Retrieved Matter . | . . . Retrieved Components . | . . . Parts Scanalyzed . | . . . Part Schematics Acquired . | . . . Parts Damaged . | . . . Bothacking | -11 -10 -9 ------------ Run | Yrd Mat Mat Used RIF Installer . | . . . Robots Hacked . | . . . Non-combat . | . . . Combat . | . . . Robot Hacks Applied . | . . . Relay Couplers Released . | . . . Fabnet Peak Effective % . | . . . Robots Rewired . | . . . Allies Hacked . | . . . Hacks Repelled . | . . . Allies | -11 -10 -9 -------- Run | Yrd Mat Mat Total Allies . | . . . Largest Group . | . . . Highest-Rated Group . | . . . Highest-Rated Ally . | . . . Total Orders . | . . . Ally Attacks . | . . . Total Damage . | . . . Kills . | . . . Allies Corrupted . | . . . Allies Melted . | . . . Intel | -11 -10 -9 ------- Run | Yrd Mat Mat Active Infowar (turns) 83 | . . 83 Optics 83 | . . 83 Robot Analysis Total . | . . . Derelict Logs Recovered . | . . . Drone Launches . | . . . Drone Recoveries . | . . . Exploration | -11 -10 -9 ------------- Run | Yrd Mat Mat Turns Passed 216 | 30 76 110 Spaces Moved 146 | 34 68 44 Core 24 | 12 8 4 Treads . | . . . Legs 40 | . . 40 Wheels 82 | 22 60 . Hover . | . . . Flight . | . . . Fastest Speed 50 | 50 50 50 Average Speed 100 | 82 94 122 Slowest Speed 130 | 100 100 130 Overloaded Moves . | . . . Propulsion Burnouts . | . . . Robots Hopped . | . . . Potential Cave-ins . | . . . Cave-ins Triggered . | . . . Exploration Rate (%) 12 | 3 29 6 Regions Visited 2 Branch Regions . Pre-discovered Areas . | . . . Known Exits Taken . | . . . Unknown Exits Taken 2 | 1 1 . Scrap Searched . | . . . Spaces Dug . | . . . Terrain Destroyed . | . . . Melee . | . . . Projectile . | . . . AOE . | . . . Terrain Rammed . | . . . Walls Destroyed . | . . . Machines Disabled . | . . . Actions | -11 -10 -9 --------- Run | Yrd Mat Mat Total 205 | 35 79 91 Wait 37 | . . 37 Move 144 | 33 67 44 Hop . | . . . Pick Up 2 | . . 2 Fast Attach 7 | 2 . 5 Attach . | . . . Detach . | . . . Swap . | . . . Drop . | . . . Fire 3 | . . 3 Melee . | . . . Ram 12 | . 12 . Kick . | . . . Crush . | . . . Escape Stasis . | . . . Rewire . | . . . Trap . | . . . Miscellaneous . | . . . Route ------- -11/Scrapyard -10/Materials -9/Materials History --------- Turn | Location | Event 2 | -11/Scrapyard | Discovered new exit (range 16) 31 | -11/Scrapyard | Entered Materials 101 | -10/Materials | Discovered new exit (range 10) 105 | -10/Materials | Core integrity fell below 50% 107 | -10/Materials | Entered another Materials area 107 | -9/Materials | Evolved 2 slots: Utility x2 217 | -9/Materials | Self-destructed Last Messages --------------- 00061_ K-01 Serf collects debris. 00064_ U-05 Engineer works on Pressure Siphon. 00075_ Slammed into T-07 Excavator. 00082_ Slammed into S-10 Pest. 00093_ K-01 Serf collects debris. 00095_ Com. Wheel destroyed. 00101_ EXIT=FOUND 00103_ Critical hit (Destroy). 00103_ Com. Wheel destroyed. PARAMETERS=UTILITY+2 LOCATION=UNKNOWN GOAL=ESCAPE 00110_ Acquired Titanium Leg. 00119_ Acquired Field Laser. 00134_ Acquired Adv. Visual Processing Unit. 00201_ U-05 Engineer works on Atomic Centrifuge. 00214_ Critical hit (Burn: +37). 00214_ Y-45 Defender destroyed. Map ----- +----------------------------------------------------+ | ?????????????????????????????????????????????????? | | ?????????????????????????????????????????????????? | | ?????????????????????????????????????????????????? | | ?????????????????????????????????????????????????? | | ?????????????????????????????????????????????????? | | ?????????????????????????????????????????????????? | | ????????????????????????+????????????????????????? | | ???????????????????????? ????????????????????????? | | ???????????????????????? ????????????????????????? | | ???????????????????????? ????????????????????????? | | ???????????????????????# ????????????????????????? | | ?????????????????????### ##??????????????????????? | | ????????????????????## ??????????????????????? | | ????????????????????? !* ??????????????????????? | | ????????????????????? =[% ??????????????????????? | | ?????????????????????? ! a??????????????????????? | | ?????????????????????? ??###############?????? | | ??????????????????????# #??#[/ # #?????? | | ??????????????????????# #??#[/ """# #?????? | | ??????????????????????# #??# R"# """ #?????? | | ??????????????????????# #??# """# """ #?????? | | ??????????????????????# #??# # """ #?????? | | ??????????????????????# #??# [ # #?????? | | ?????????????# ??????# #######+######+####????? | | ?????????????# "" # #????? | | ?????????????# " + @ #????? | | ?????????????# " # #????? | | ?????????????# ??????# ############ #????? | | ??????????????????????# #??????????# #????? | | ??????????????????????# #??????????# ! #????? | | ??????????????????????# #??????????#==!! #????? | | ??????????????????????#w #??????????########????? | | ??????????????????????# #??????????????????????? | | ??????????????????????# #??????????????????????? | | ??????????????????????# #??????????????????????? | | ??????????????????????# #??????????????????????? | | ??????????????????????# ???????????????????????? | | ??????????????????????# ???????????????????????? | | ??????????????????????# ???????????????????????? | | ??????????????????????# ???????????????????????? | | ??????????????????????# ???????????????????????? | | ??????????????????????# ???????????????????????? | | ??????????????????????# t ???????????????????????? | | ??????????????????????? ???????????????????????? | | ??????????????????????? ???????????????????????? | | ?????????????????????????????????????????????????? | | ?????????????????????????????????????????????????? | | ?????????????????????????????????????????????????? | | ?????????????????????????????????????????????????? | | ?????????????????????????????????????????????????? | +----------------------------------------------------+ Best States ------------- Heat Dissipation 28 Energy Generation 5 Energy Capacity 100 Matter Stores 204 Matter Capacity 300 Sight Range 20 Terrain Scan Density 10 Evasion (%) 55 Item Schematics ----------------- None Robot Schematics ------------------ None Fabricated ------------ Nothing Repaired ---------- Nothing Studied --------- None Alien Tech Used ----------------- None Achievements -------------- None Challenges ------------ None Game ------ Seed robin maples Manual? 1 Play Time 00:01:56 Cumulative 28.2 hours Start 2025.11.02 @ 16:11:45 End 2025.11.02 @ 16:13:02 Sessions 1 Manual Loads 0 Difficulty Rogue Special Mode None Game No. 58 Rogue 58 Adventurer 0 Explorer 0 Win Type - Total 2 Types 2/0/0/0/0/0/0/0/0/0 Lore% 38 Gallery% 30 Achievement% 29 Wizard Run 0 Options --------- Layout 1 ASCII 0 Keyboard 1 Movement Arrows Keybinds 0 Fullscreen 1 Font 16/SmallcapsGlow Map View 50x54 Zoom Use 16% Tactical HUD 1 Map Filters NONE Filters NONE Steam 1 RUN: 54dd6607-1173-4cad-86bc-a52661aae374